 Dungeon Sprint DCSS version 0.29.1-4-g47bece8355 (webtiles) character file.

Game seed: 4118883134607324337

87 boopmooplesden the Slasher (level 4, 0/47 HPs)
             Began as a Minotaur Berserker on Dec 10, 2022.
             Was a Believer of Trog.
             Killed from afar by an oklob sapling priest (15 damage)
             ... with a splash of acid
             ... in the Dungeon (Sprint IV: "Fedhas' Mad Dash") on Dec 11, 2022.
             The game lasted 00:00:58 (552 turns).

boopmooplesden the Slasher (Minotaur Berserker)      Turns: 552, Time: 00:00:59

Health: 0/47       AC:  9    Str: 21    XL:     4   Next: 28%
Magic:  1/3        EV:  9    Int:  4    God:    Trog [**....]
Gold:   75         SH:  0    Dex: 12    Spells: 3/3 levels left

rFire   . . .      SeeInvis .   a - +0 falchion
rCold   . . .      Faith    .   (no shield)
rNeg    . . .      Spirit   .   h - +0 chain mail
rPois   .          Reflect  .   (helmet restricted)
rElec   .          Harm     .   (no cloak)
rCorr   .          Rampage  .   (no gloves)
Will    .....      NoTele   +   (no boots)
Stlth   ..........              c - amulet of invisibility {+Inv}
HPRegen 0.15/turn               (no ring)
MPRegen 0.08/turn               (no ring)

@: very slightly contaminated, invisible
A: horns 2, retaliatory headbutt
a: Renounce Religion, Evoke Invisibility, Berserk, Trog's Hand


You were in the Dungeon.
You worshipped Trog.
Trog was pleased with you.
You visited 1 branch You collected 75 gold pieces.

Inventory:

Hand Weapons
 a - a +0 falchion (weapon)
Armour
 b - a +0 animal skin
 h - a +0 chain mail (worn)
Jewellery
 c - the amulet of invisibility (around neck) {+Inv}
   (You found it in the Dungeon)

   [amulet of nothing]

   +Inv:      It lets you turn invisible.
Potions
 d - a potion of heal wounds
 e - a potion of haste
 f - 2 potions of magic
 g - a potion of berserk rage


   Skills:
 + Level 7.2 Fighting
 + Level 7.3 Long Blades
 + Level 4.0 Armour
 + Level 3.7 Dodging
 + Level 0.2 Evocations


You had 3 spell levels left.
You didn't know any spells.
Your spell library was empty.

Dungeon Overview and Level Annotations

Branches:
Dungeon (1/1)

Altars:
Cheibriados
Dithmenos
Elyvilon
Gozag
Hepliaklqana
Kikubaaqudgha
Makhleb
Nemelex Xobeh
Okawaru
Qazlal
Ru
Sif Muna
Trog
Uskayaw
Vehumet
Wu Jian
Xom
Yredelemnul
Zin
The Shining One
Jiyva
Lugonu

Annotations:
D exclusion: oklob sapling


Innate Abilities, Weirdness & Mutations

You have a pair of horns on your head.
You reflexively headbutt those who attack you in melee.


Message History

You flicker for a moment.
You start resting.
You flicker back into view.
You start resting.
Your magical contamination has completely faded away.
You start resting.
Magic restored.
As you open the door, it creaks loudly!
Found four altars.
An oklob sapling priest comes into view.
Found nine altars.
Marking area around an oklob sapling priest as unsafe for travelling.
There is an open door here.
You fail to use your ability.
You fade into invisibility!
You are very lightly contaminated with residual magic.
Really walk into a travel-excluded area? [Y]es or [N]o only, please.
Really walk into a travel-excluded area? [Y]es or [N]o only, please.
Really walk into a travel-excluded area? [Y]es or [N]o only, please.
Really walk into a travel-excluded area?
The oklob sapling priest spits acid at you.
The splash of acid hits you!
There is an open door here.
Found three altars.
Found two altars.
There is a fountain of clear blue water here.
Found three altars.
Found a corrupted altar of Lugonu and a radiant altar of Vehumet.
There is a sparkling altar of Nemelex Xobeh here.
You catch the helpless oklob sapling priest completely off-guard!
You hit the oklob sapling priest but do no damage.
The oklob sapling priest spits acid at you.
The splash of acid hits you!!
* * * LOW HITPOINT WARNING * * *
You hit the oklob sapling priest but do no damage.
The oklob sapling priest spits acid at you.
The splash of acid hits you!
You die...

########################
....#.....#.⌠._._._._.⌠.
....'.#...'.._._._._._..
....#.#...#..._.@P_._...
########+##.._._._._._..
#._._._._._.⌠.
##############


You could see an oklob sapling priest (unable to see you).

Vanquished Creatures
  A scorpion (D)
  An oklob sapling (D)
  A river rat (D)
  A rat (D)
4 creatures vanquished.

Vanquished Creatures (others)
  3 fungi (D)
3 creatures vanquished.

Grand Total: 7 creatures vanquished

Notes
Turn   | Place    | Note
-------+----------+-------------------------------------------
     0 | D        | boopmooplesden the Minotaur Berserker began the quest for
                  | the Orb.
     0 | D        | Reached XP level 1. HP: 19/19 MP: 0/0
    25 | D        | Reached XP level 2. HP: 28/28 MP: 1/1
   285 | D        | Noticed a scorpion
   285 | D        | Found the amulet of invisibility {+Inv}
   290 | D        | Killed a scorpion
   290 | D        | Reached ** piety under Trog
   291 | D        | Reached XP level 3. HP: 12/38 MP: 2/2
   502 | D        | Noticed an oklob sapling
   504 | D        | Killed an oklob sapling
   505 | D        | Reached XP level 4. HP: 47/47 MP: 0/3
   539 | D        | Found an opulent altar of Gozag.
   539 | D        | Found a hazy altar of Hepliaklqana.
   539 | D        | Found a snail-covered altar of Cheibriados.
   540 | D        | Found a viscous altar of Jiyva.
   540 | D        | Found a burning altar of Makhleb.
   540 | D        | Found a sparkling altar of Nemelex Xobeh.
   540 | D        | Found a sacrificial altar of Ru.
   540 | D        | Found a shimmering blue altar of Sif Muna.
   540 | D        | Found a bloodstained altar of Trog.
   540 | D        | Found an ornate altar of the Wu Jian Council.
   540 | D        | Found a shimmering altar of Xom.
   540 | D        | Found a basalt altar of Yredelemnul.
   545 | D        | Found a shadowy altar of Dithmenos.
   545 | D        | Found an iron altar of Okawaru.
   545 | D        | Found a glowing silver altar of Zin.
   546 | D        | Found an ancient bone altar of Kikubaaqudgha.
   546 | D        | Found a hide-covered altar of Uskayaw.
   547 | D        | Found a white marble altar of Elyvilon.
   547 | D        | Found a stormy altar of Qazlal.
   547 | D        | Found a glowing golden altar of the Shining One.
   548 | D        | Found a corrupted altar of Lugonu.
   548 | D        | Found a radiant altar of Vehumet.
   552 | D        | Killed from afar by an oklob sapling priest

Illustrated notes

Levels and vault maps discovered:
D:        dungeon_sprint_fedhas [sprint_temple]

Skill      XL: |  1  2  3 |
---------------+----------+-----
Fighting       | 4 6 7 |  7.2
Long Blades    | 4 6 7 |  7.3
Armour         | 3 4 |  4.0
Dodging        | 3 |  3.7
Evocations     | |  0.2

Action                   |  1- 3 |  4- 6 || total
-------------------------+-------+-------++-------
Melee: Falchion          |    19 |     2 ||    21
       Headbutt          |     4 |       ||     4
Invok: Berserk           |     2 |       ||     2
 Abil: Evoke Invisibilit |     1 |     1 ||     2
  Use: Scroll            |     1 |       ||     1
       Potion            |     1 |       ||     1
 Stab: Invisible         |       |     1 ||     1
Dodge: Dodged            |     3 |       ||     3
